 Dungeon Crawl Stone Soup version 0.30.1-1-g62c8e00024 (webtiles) character file.

Game seed: 4025453969877423553

1294 cdecastro the Magician (level 8, -9/60 HPs)
             Began as a Djinni Ice Elementalist on July 14, 2023.
             Was an Initiate of Ashenzari.
             Mangled by a troll (13 damage)
             ... on level 5 of the Dungeon.
             The game lasted 00:10:51 (5347 turns).

cdecastro the Magician (Djinni Ice Elementalist)    Turns: 5347, Time: 00:10:51

Health: -9/60      AC:  2    Str:  7    XL:     8   Next: 86%
Gold:   61         EV: 12    Int: 18    God:    Ashenzari [......] SH:  0 Dex: 15

rFire   + + .        b - staff of conjuration
rCold   x . .        (no shield)
rNeg    . . .        l - +0 robe {Will+}
rPois   ∞            (no helmet)
rElec   .            (no cloak)
rCorr   .            (no gloves)
SInv    .            (boots unavailable)
Will    +....        (no amulet)
Stlth   ++           (no ring)
HPRegen 0.30/turn    (no ring)
MPRegen 0.00/turn

%: infuse magic (-10 HP)
@: flying
A: sickness immunity, fire resistance 2, cold vulnerability 1, float, innate
caster, HP casting, extra vitality 1
a: Renounce Religion


You were on level 5 of the Dungeon.
You worshipped Ashenzari.
Ashenzari was noncommittal.
You visited 2 branches of the dungeon, and saw 6 of its levels.

You collected 199 gold pieces.
You spent 138 gold pieces at shops.

Inventory:

Hand Weapons
 a - the +5 dagger "Imnam" {freeze, Str+6}
   (You took it off a hobgoblin on level 4 of the Dungeon)

   Str:       It affects your strength (+6).
 r - a +0 dagger
Missiles
 h - 25 poisoned darts
Armour
 l - a +0 robe of willpower (worn)
 u - a +0 cloak
Magical Staves
 b - a staff of conjuration (weapon)
Jewellery
 v - a ring of resist corrosion
Wands
 k - a wand of flame (39)
Scrolls
 c - 2 scrolls of noise {unknown}
 e - 2 scrolls of blinking {unknown}
 i - a scroll of brand weapon {unknown}
 m - a scroll of fear {unknown}
 n - a scroll of summoning {unknown}
 o - a scroll of teleportation {unknown}
 q - 3 scrolls of poison {unknown}
 s - 5 scrolls of identify {unknown}
Potions
 d - 3 potions of brilliance {unknown}
 f - 2 potions of curing {unknown}
 g - 2 potions of mutation {unknown}
 j - a potion of lignification {unknown}
 p - 2 potions of attraction {unknown}
 t - a potion of cancellation {unknown}
 w - a potion of degeneration {unknown}


   Skills:
 + Level 5.6 Fighting
 - Level 2.1 Dodging
 - Level 1.5 Stealth
 * Level 7.2 Spellcasting


You knew the following spells:

 Your Spells              Type           Power      Damage    Failure   Level
a - Freeze                Ice            100%       1d10      1%          1
b - Frozen Ramparts       Ice            64%        1d10      1%          3
c - Ozocubu's Armour      Ice            32%        N/A       1%          3
d - Summon Ice Beast      Ice/Summ       32%        N/A       5%          4
e - Foxfire               Conj/Fire      100%       2x1d9     1%          1
f - Poisonous Vapours     Pois/Air       64%        N/A       1%          2
g - Scorch                Fire           64%        2d7       1%          2
Your spell library was empty.

Dungeon Overview and Level Annotations

Branches:
Dungeon (5/15)             Temple (1/1) D:4

Altars:
Ashenzari
Cheibriados
Dithmenos
Elyvilon
Fedhas
Gozag
Hepliaklqana
Makhleb
Nemelex Xobeh
Okawaru
Qazlal
Ru
Uskayaw
Wu Jian
Xom
Yredelemnul
The Shining One

Shops:
D:1 =   D:5 *[[*


Innate Abilities, Weirdness & Mutations

You are immune to sickness and miasma.
You are immune to poison.
Your flesh is very heat resistant. (rF++)
You are vulnerable to cold. (rC-)
You float through the air rather than walking.
You learn spells naturally, not from books.
Your magical power is your life essence.
You have superior vitality. (+4 MHP)


Message History

Casting: Summon Ice Beast (dangerous; 5% risk of failure)
Confirm with . or Enter, or press ? or * to list all spells.
Aiming: Poisonous Vapours (safe; 1% risk of failure)
Press: ? - help, Dir - move target, f - troll
Aim: a troll (heavily wounded, ally target) Poisonous vapours surround the troll!
The troll is poisoned.
The troll bites your ice beast. The troll claws your ice beast.
The troll barely misses your ice beast.
Your ice beast hits the troll but does no damage.
Casting: Poisonous Vapours (safe; 1% risk of failure)
Confirm with . or Enter, or press ? or * to list all spells.
Aiming: Poisonous Vapours (safe; 1% risk of failure)
Press: ? - help, Dir - move target, f/p - troll
Aim: a troll (heavily wounded, very poisoned, ally target) Poisonous vapours surround the troll!
The troll looks as sick as possible!
The troll bites your ice beast!!
Your ice beast dies!
Your ice beast disappears in a puff of smoke!
Casting: Poisonous Vapours (safe; 1% risk of failure)
Confirm with . or Enter, or press ? or * to list all spells.
A chill wind blows around you. The troll attacks as you move away!
The troll bites you! The troll claws you!
* * * LOW HITPOINT WARNING * * *
The troll claws you!
* * * LOW HITPOINT WARNING * * *
Your ice beast closely misses the troll.
The troll attacks as you move away! The troll bites you.
* * * LOW HITPOINT WARNING * * *
The troll claws you!
* * * LOW HITPOINT WARNING * * *
The troll misses you.
Your ice beast closely misses the troll.
Casting: Summon Ice Beast (dangerous; 5% risk of failure)
Confirm with . or Enter, or press ? or * to list all spells.
Flames lash the troll.
The troll is severely wounded.
The troll's fire resistance burns away.
* * * LOW HITPOINT WARNING * * *
The troll bites you!
You die...

#.# #)# #.# #>#
#.# #)#
#.########## #)#
#.#........# #)#
#.#.######.# #)#
#....#####.# #)#
#.......##.###)#
##...##.....@TY#
##.######.#####
#........#
##########


You could see a troll (very poisoned, combustible, ally target) and a friendly
ice beast (summoned).

Vanquished Creatures
  Grinder (D:5)
  Sigmund (D:3)
  Menkaure (D:5)
  An ice beast (D:5)
  A centaur (D:5)
  A gnoll sergeant (D:5)
  3 scorpions (D:5)
  A hound (D:5)
  A jelly (D:5)
  An orc priest (D:4)
  4 iguanas
  An orc wizard (D:4)
  2 adders
  11 gnolls
  An ufetubus (D:4)
  A dart slug (D:4)
  10 orcs
  2 bats (D:2)
  3 endoplasms
  2 giant cockroaches (D:3)
  6 goblins
  5 hobgoblins
  6 kobolds
  3 quokkas
  7 ball pythons
  2 frilled lizards (D:1)
  6 rats
84 creatures vanquished.

Vanquished Creatures (others)
  38 foxfires
38 creatures vanquished.

Grand Total: 122 creatures vanquished

Notes
Turn   | Place    | Note
-------+----------+-------------------------------------------
     0 | D:1      | cdecastro the Djinni Ice Elementalist began the quest for
                  | the Orb.
     0 | D:1      | cdecastro set off with the following spells memorised:
                  | Freeze, Frozen Ramparts, Ozocubu's Armour, Summon Ice
                  | Beast.
     0 | D:1      | Reached XP level 1. HP: 15/15 MP: 0/0
   249 | D:1      | Reached XP level 2. HP: 21/22 MP: 0/0
   316 | D:1      | Found Fuylomaq's Jewellery Shop.
   885 | D:2      | Found a faded altar of an unknown god.
   983 | D:2      | Found a snail-covered altar of Cheibriados.
  1006 | D:2      | Reached skill level 1 in Fighting
  1157 | D:2      | Reached XP level 3. HP: 26/27 MP: 0/0
  1157 | D:2      | Learned a level 1 spell: Foxfire
  1832 | D:3      | Noticed Sigmund
  1842 | D:3      | Killed Sigmund
  1843 | D:3      | Reached skill level 4 in Spellcasting
  1843 | D:3      | Reached XP level 4. HP: 15/34 MP: 0/0
  1843 | D:3      | Reached XP level 5. HP: 17/39 MP: 0/0
  1843 | D:3      | Learned a level 2 spell: Poisonous Vapours
  1972 | D:3      | Reached XP level 6. HP: 38/45 MP: 0/0
  2992 | D:4      | Reached skill level 5 in Spellcasting
  3139 | D:4      | Identified the +5 dagger "Imnam" {freeze, Str+6}
  3227 | D:4      | Found a staircase to the Ecumenical Temple.
  3656 | D:4      | Found a shimmering altar of Xom.
  3656 | D:4      | Found a hide-covered altar of Uskayaw.
  3658 | D:4      | Found an opulent altar of Gozag.
  3658 | D:4      | Found a stormy altar of Qazlal.
  3830 | D:4      | Reached XP level 7. HP: 45/50 MP: 0/0
  3830 | D:4      | Learned a level 2 spell: Scorch
  4166 | D:4      | Found a snail-covered altar of Cheibriados.
  4166 | D:4      | Found a broken altar of Ashenzari.
  4176 | D:4      | Became a worshipper of Ashenzari the Shackled
  4215 | Temple   | Entered the Ecumenical Temple
  4503 | D:5      | Entered Level 5 of the Dungeon
  4504 | D:5      | Noticed Menkaure
  4507 | D:5      | Killed Menkaure
  4653 | D:5      | Found Onageagu's Assorted Antiques.
  4660 | D:5      | Found Ziharu's Armour Shop.
  4663 | D:5      | Found Yfulaoho's General Store.
  4663 | D:5      | Found Kackam's Armour Shoppe.
  4664 | D:5      | Noticed Grinder
  4671 | D:5      | Paralysed by Grinder for 4 turns
  4679 | D:5      | Killed Grinder
  4680 | D:5      | Reached skill level 6 in Spellcasting
  4680 | D:5      | Reached XP level 8. HP: 42/58 MP: 0/0
  4751 | D:5      | Bought a fuming yellow potion for 18 gold pieces
  4751 | D:5      | Bought a yellow potion for 18 gold pieces
  4751 | D:5      | Bought a metallic red potion for 18 gold pieces
  4751 | D:5      | Bought a scroll labelled MOEBEUR ZIAGO for 21 gold pieces
  4751 | D:5      | Bought a scroll labelled MOEBEUR ZIAGO for 21 gold pieces
  4751 | D:5      | Bought 2 scrolls labelled FUORGH MYAWKA for 42 gold pieces
  5040 | D:5      | Reached skill level 5 in Fighting
  5154 | D:5      | Reached skill level 7 in Spellcasting
  5329 | D:5      | Noticed a troll
  5347 | D:5      | Mangled by a troll

Illustrated notes

Levels and vault maps discovered:
D:1:      giann_horns, layout_basic, serial_shops, nicolae_shop_gaudy_bauble
D:2:      layout_basic, basic_altar, nicolae_ecumenical_oubliette
D:3:      layout_basic, grunt_ministairs_6, uniq_sigmund
D:4:      layout_loops_ring, gammafunk_temple_overflow_pools,
          mainiacjoe_overflow_alcove_3, minmay_temple_entry_mist
D:5:      layout_loops_ring, led_sif_pool, nicolae_wooded_promenade,
          minmay_manual_macuahuitl, uniq_grinder, uniq_menkaure
Temple:   oiseaux_autumnal_temple

Skill      XL: |  1  2  3  4  5  6  7  8 |
---------------+-------------------------+-----
Fighting       | 1 2 3 4 5 |  5.6
Spellcasting   | 4 5 6 7 |  7.2
Dodging        | |  2.1
Stealth        | |  1.5

Action                     |  1- 3 |  4- 6 |  7- 9 || total
---------------------------+-------+-------+-------++-------
  Melee: Unarmed           |     1 |       |       ||     1
         Staff             |     5 |     5 |     2 ||    12
         Dagger            |       |       |     2 ||     2
   Cast: Freeze            |    36 |     3 |       ||    39
         Foxfire           |     5 |     5 |    11 ||    21
         Poisonous Vapours |       |    65 |    26 ||    91
         Frozen Ramparts   |       |     4 |     3 ||     7
         Scorch            |       |       |    24 ||    24
         Summon Ice Beast  |       |       |     2 ||     2
         Ozocubu's Armour  |       |       |     2 ||     2
 Armour: Robe              |     2 |       |     7 ||     9
  Dodge: Dodged            |    30 |    17 |     8 ||    55
